 Dungeon Crawl Stone Soup version 0.29-a0-356-g7bc237e783 (webtiles) character file.

Game seed: 1992147722498109116

2937 ryw the Fighter (level 9, -1/114 HPs)
             Began as an Ogre Berserker on Apr 26, 2022.
             Was an Elder of Trog.
             Slain by a killer bee (7 damage)
             ... on level 8 of the Dungeon.
             The game lasted 00:14:52 (9619 turns).

ryw the Fighter (Ogre Berserker)                    Turns: 9619, Time: 00:14:52

Health: -1/114     AC:  3    Str: 33    XL:     9   Next: 80%
Magic:  11/11      EV: 10    Int:  8    God:    Trog [****..]
Gold:   158        SH:  0    Dex:  8    Spells: 8/8 levels left

rFire   . . .      SeeInvis .   a - +0 giant spiked club
rCold   . . .      Faith    .   (shield currently unavailable)
rNeg    . . .      Spirit   .   b - +0 animal skin
rPois   +          Reflect  .   (helmet restricted)
rElec   .          Harm     .   h - scarf {shadows}
rCorr   .          Rampage  .   (gloves unavailable)
Will    .....                   (boots unavailable)
Stlth   ++........              (no amulet)
HPRegen 0.29/turn               t - +6 ring of strength
MPRegen 0.12/turn               u - ring of poison resistance

@: on berserk cooldown, slowed, very slow
A: large, unfitting armour, tough skin 1
a: Renounce Religion, Berserk, Trog's Hand, Brothers in Arms


You were on level 8 of the Dungeon.
You worshipped Trog.
Trog was greatly pleased with you.
You visited 1 branch of the dungeon, and saw 8 of its levels.

You collected 418 gold pieces.
You spent 260 gold pieces at shops.

Inventory:

Hand Weapons
 a - a +0 giant spiked club (weapon)
Missiles
 d - 6 boomerangs of dispersal
 l - 7 javelins (quivered)
Armour
 b - a +0 animal skin (worn)
 c - the +3 cloak of Action {rElec rC- Dex+5}
   (You found it on level 4 of the Dungeon)

   Dex:       It affects your dexterity (+5).
   rC:        It makes you vulnerable to cold.
   rElec:     It insulates you from electricity.
 h - a scarf of shadows (worn)
 s - a +0 kite shield
Jewellery
 t - a +6 ring of strength (left hand)
 u - a ring of poison resistance (right hand)
Wands
 w - a wand of digging (6)
Scrolls
 e - 2 scrolls of identify
 k - a scroll of blinking
 m - a scroll of silence
 n - a scroll of fog
 o - 2 scrolls of teleportation
 q - 2 scrolls of magic mapping
Potions
 f - a potion of attraction
 g - 3 potions of might
 i - 4 potions of curing
 j - 3 potions of lignification


   Skills:
 * Level 14.5 Fighting
 + Level 6.1 Maces & Flails
 - Level 2.6 Dodging
 - Level 2.5 Stealth
 + Level 2.9 Invocations


You had 8 spell levels left.
You didn't know any spells.
Your spell library was empty.

Dungeon Overview and Level Annotations

Branches:
Dungeon (8/15)             Temple (0/1) D:4            Lair (0/6) D:8

Altars:
Ashenzari
Kikubaaqudgha
Nemelex Xobeh

Shops:
D:6 [(*


Innate Abilities, Weirdness & Mutations

You are too large for most types of armour.
You have tough skin. (AC +1)


Message History

The killer bee barely misses you.
You completely miss the killer bee.
You feel sick. The killer bee barely misses you. The killer bee stings you.
* * * LOW HITPOINT WARNING * * *
The killer bee stings you.
* * * LOW HITPOINT WARNING * * *
The killer bee completely misses you.
Unknown command.
Unknown command.
You completely miss the killer bee.
You are no longer berserk.
You are exhausted.
You feel yourself slow down.
You feel sick.
You are no longer poisoned.
The killer bee stings you.
* * * LOW HITPOINT WARNING * * *
The killer bee barely misses you. The killer bee closely misses you.
The killer bee misses you.
You feel much better. The killer bee misses you. The killer bee stings you.
* * * LOW HITPOINT WARNING * * *
The killer bee barely misses you. The killer bee stings you.
* * * LOW HITPOINT WARNING * * *
The killer bee closely misses you.
The killer bee stings you but does no damage.
Unknown command.
You miss the killer bee. The killer bee misses you. The killer bee stings you!
* * * LOW HITPOINT WARNING * * *
The killer bee stings you.
* * * LOW HITPOINT WARNING * * *
The killer bee stings you but does no damage.
The killer bee stings you.
* * * LOW HITPOINT WARNING * * *
The killer bee stings you!
* * * LOW HITPOINT WARNING * * *
The killer bee barely misses you. x2
Unknown command.
You barely miss the killer bee.
The killer bee stings you but does no damage.
The killer bee stings you!
You die...

### #.# ... ... ######
#.### .....# #.#..
####.# #.#.### #.#
####.#.#@####..
####.####>##.#.#yy.....
#............#.#.####.#
....................).#
#.##................y.#
#.#...............#....
#.#.##########.#..#....
#.#.#.<.....##.#..# ...
#.#.#...######.#.... ..


You could see 2 killer bees.

Vanquished Creatures
  A hornet (D:6)
  A wraith (D:7)
  3 water moccasins
  2 ice beasts
  2 sky beasts
  6 ogres
  2 black bears
  A centaur (D:7)
  5 scorpions
  A necrophage (D:5)
  3 killer bees (D:8)
  A hound (D:6)
  2 jellies
  A gnoll shaman (D:5)
  3 orc priests
  Jessica (D:3)
  3 iguanas
  2 orc wizards
  5 gnolls (D:5)
  9 adders
  A white imp (D:6)
  2 ufetubi
  A worm (D:4)
  6 dart slugs
  31 orcs
  11 ball pythons
  5 bats
  2 endoplasms
  5 giant cockroaches
  5 goblins
  2 hobgoblins
  9 jackals
  6 quokkas
  4 frilled lizards
  6 kobolds
  4 rats
154 creatures vanquished.

Notes
Turn   | Place    | Note
-------+----------+-------------------------------------------
     0 | D:1      | ryw the Ogre Berserker began the quest for the Orb.
     0 | D:1      | Reached XP level 1. HP: 24/24 MP: 1/1
    50 | D:1      | Reached XP level 2. HP: 22/32 MP: 2/2
   272 | D:1      | Reached skill level 5 in Fighting
   470 | D:1      | Reached XP level 3. HP: 13/42 MP: 3/3
  1450 | D:2      | Found a sparkling altar of Nemelex Xobeh.
  1659 | D:2      | Found a faded altar of an unknown god.
  1678 | D:2      | Reached skill level 6 in Fighting
  1729 | D:2      | Reached ** piety under Trog
  1873 | D:2      | Reached XP level 4. HP: 44/52 MP: 4/4
  2328 | D:3      | Noticed Jessica
  2417 | D:3      | Killed Jessica
  2565 | D:3      | Reached skill level 7 in Fighting
  2569 | D:3      | Reached skill level 1 in Stealth
  2569 | D:3      | Reached XP level 5. HP: 60/62 MP: 5/5
  3529 | D:4      | Noticed an ogre
  3536 | D:4      | Killed an ogre
  3537 | D:4      | Reached skill level 8 in Fighting
  3537 | D:4      | Reached XP level 6. HP: 74/74 MP: 6/6
  3676 | D:4      | Identified the +3 cloak of Action {rElec rC- Dex+5}
  3909 | D:4      | Noticed a black bear
  3913 | D:4      | Killed a black bear
  3914 | D:4      | Reached skill level 9 in Fighting
  3914 | D:4      | Reached XP level 7. HP: 83/83 MP: 7/7
  4414 | D:4      | Reached *** piety under Trog
  4503 | D:4      | Reached skill level 10 in Fighting
  4649 | D:4      | Found a staircase to the Ecumenical Temple.
  4949 | D:5      | Entered Level 5 of the Dungeon
  5154 | D:5      | Reached XP level 8. HP: 96/96 MP: 8/8
  5157 | D:5      | Reached skill level 11 in Fighting
  5854 | D:5      | Found a broken altar of Ashenzari.
  6049 | D:5      | Reached skill level 12 in Fighting
  6483 | D:6      | Found Zupecrom's Armour Boutique.
  6507 | D:6      | Found Etsocwea's General Store.
  6515 | D:6      | Bought a ring of poison resistance for 260 gold pieces
  6931 | D:6      | Reached skill level 13 in Fighting
  6931 | D:6      | Reached skill level 5 in Maces & Flails
  6931 | D:6      | Reached XP level 9. HP: 86/110 MP: 9/9
  7051 | D:6      | Noticed a hornet
  7061 | D:6      | Killed a hornet
  7166 | D:6      | Found Jawk's Antique Weapon Shoppe.
  7239 | D:6      | Reached **** piety under Trog
  7309 | D:6      | Found a sparkling altar of Nemelex Xobeh.
  7878 | D:7      | Reached skill level 1 in Invocations
  7925 | D:7      | Found an ancient bone altar of Kikubaaqudgha.
  7975 | D:7      | Reached skill level 14 in Fighting
  9583 | D:8      | Found a staircase to the Lair.
  9618 | D:8      | HP: 5/114 [killer bee (7)]
  9619 | D:8      | Slain by a killer bee

Illustrated notes

Levels and vault maps discovered:
D:1:      lightli_arrival_farm, layout_basic,
          hangedman_abyss_or_decor_lesser_grid, minmay_curled_crystal
D:2:      layout_basic, basic_altar, ebering_ecumenical_altar_mist
D:3:      layout_basic, uniq_jessica
D:4:      layout_basic, minmay_temple_entry_waves
D:5:      layout_loops_ring, cheibrodos_ashenzari_chains
D:6:      layout_cave_pools, mainiacjoe_overflow_six_doors_small, serial_shops,
          shop, nicolae_shop_crystal, kennysheep_little_box, serial_glass,
          glass_columns_a, glass_columns_a, chequers_serial_rivers_marsh,
          minivault_24, kennysheep_nub
D:7:      layout_loops_ring, lemuel_round_altar, serial_co_window_serial,
          co_window_corner_a, co_window_paths_b, co_window_paths_a,
          co_window_paths_a, co_window_of_opportunity_a, co_window_corner_ca,
          co_window_broadway_a, co_window_2corner, co_window_corner_b,
          co_window_cross_3, co_window_4corner_a, co_window_4corner_b,
          glass_columns_a, glass_columns_c, glass_columns_a, glass_columns_a,
          glass_columns_c, lightli_orcish_oven
D:8:      layout_basic, mainiacjoe_overflow_surrounded_room, lair_entry_dummy

Skill      XL: |  1  2  3  4  5  6  7  8  9 |
---------------+----------------------------+-----
Fighting       | 5 6 7 8 9 10 13 14 | 14.5
Stealth        | 1 2 |  2.5
Maces & Flails | 3 5 6 |  6.1
Invocations    | 2 |  2.9
Dodging        | |  2.6

Action                   |  1- 3 |  4- 6 |  7- 9 || total
-------------------------+-------+-------+-------++-------
Melee: Mace              |   112 |    17 |       ||   129
       War axe           |       |    53 |       ||    53
       Punch             |       |     1 |       ||     1
       Giant spiked club |       |    23 |   262 ||   285
Invok: Berserk           |     1 |     4 |     8 ||    13
  Use: Scroll            |     4 |     6 |     7 ||    17
       Potion            |       |       |     1 ||     1
 Stab: Sleeping          |     1 |     3 |     7 ||    11
Armor: Animal skin       |    39 |    21 |   115 ||   175
Dodge: Dodged            |    72 |    56 |   228 ||   356

Table legend: (Time is in decaauts)
 A = Elapsed time spent in this place.
 B = Non-inter-level travel time spent in this place.
 C = Inter-level travel time spent in this place.
 D = Time resting spent in this place.
 E = Time spent auto-exploring this place.
 F = Levels seen in this place.
 G = Mean time per level.
                   A        B        C        D        E       F      G
               +--------+--------+--------+--------+--------+-----+--------+
         Total |   9967 |   9789 |    178 |   1442 |   6965 |   8 | 1245.9 |
       Dungeon |   9967 |   9789 |    178 |   1442 |   6965 |   8 | 1245.9 |
               +--------+--------+--------+--------+--------+-----+--------+

Top non-repeatable levels by time:
     D:7: 1795 daAuts
     D:5: 1595 daAuts
     D:4: 1516 daAuts
     D:1: 1430 daAuts
     D:3: 1323 daAuts
     D:6: 1278 daAuts
     D:2: 871 daAuts
     D:8: 155 daAuts
